 Dungeon Crawl Stone Soup version 0.29-a0-378-gc08b2e8bf8 (console) character file.

Game seed: 10616317127808681949

163 feyria the Skirmisher (level 5, -8/42 HPs)
             Began as a Mummy Wanderer on May 4, 2022.
             Killed from afar by Blork the orc (13 damage)
             ... with a puff of flame
             ... on level 4 of the Dungeon.
             The game lasted 00:04:42 (3392 turns).

feyria the Skirmisher (Mummy Wanderer)              Turns: 3392, Time: 00:04:43

Health: -8/42      AC:  3    Str: 22    XL:     5   Next: 20%
Magic:  9/9        EV: 11    Int: 11    God:
Gold:   140        SH:  0    Dex: 13    Spells: 8/9 levels left

rFire   x . .      SeeInvis .   a - +2 hand crossbow
rCold   + . .      Faith    .   (no shield)
rNeg    + + +      Spirit   .   e - +0 leather armour
rPois   ∞          Reflect  .   (no helmet)
rElec   .          Harm     .   (no cloak)
rCorr   .          Rampage  .   (no gloves)
Will    .....                   (no boots)
Stlth   +.........              (no amulet)
HPRegen 0.14/turn               n - +6 ring of strength
MPRegen 0.11/turn               (no ring)

@: about to teleport
A: cold resistance 1, negative energy resistance 3, torment resistance 2, heat
vulnerability 1, in touch with death 1, no potions
a: no special abilities


You were on level 4 of the Dungeon.
You visited 1 branch of the dungeon, and saw 4 of its levels.

You collected 140 gold pieces.

Inventory:

Hand Weapons
 a - a +2 hand crossbow (weapon)
 c - a +0 dagger
 j - a +0 war axe
Missiles
 b - 6 poisoned darts (quivered)
Armour
 e - a +0 leather armour (worn)
Jewellery
 n - a +6 ring of strength (left hand)
Scrolls
 f - 2 scrolls of teleportation
 g - a scroll of blinking {unknown}
 h - a scroll of amnesia {unknown}
 i - a scroll of poison {unknown}
 k - a scroll of identify
 l - a scroll of enchant armour {unknown}
 m - a scroll of summoning {unknown}
 o - 4 scrolls of magic mapping {unknown}
 p - a scroll of vulnerability


   Skills:
 + Level 4.3 Fighting
 + Level 2.0 Axes
 - Level 1.5 Crossbows
 - Level 1.5 Throwing
 - Level 1.0 Dodging
 - Level 1.0 Stealth
 - Level 2.6 Spellcasting
 - Level 1.0 Translocations


You had 8 spell levels left.
You knew the following spells:

 Your Spells              Type           Power      Damage    Failure   Level
a - Apportation           Tloc           6%         N/A       21%         1

Your spell library contained the following spells:

 Spells                   Type           Power      Damage    Failure   Level
 Summon Small Mammal      Summ           4%         N/A       30%         1
 Lesser Beckoning         Tloc           3%         N/A       52%         3
 Call Canine Familiar     Summ           1%         N/A       67%         3
 Summon Guardian Golem    Hex/Summ       1%         N/A       67%         3


Dungeon Overview and Level Annotations

Branches:
Dungeon (4/15)
 Temple: D:4-7

Altars:

Annotations:
D:4 Blork the orc


Innate Abilities, Weirdness & Mutations

You are immune to poison.
Your flesh is cold resistant. (rC+)
You are immune to negative energy. (rN+++)
You are immune to unholy pain and torment.
You are vulnerable to heat. (rF-)
You are in touch with the powers of death.
You do not drink.


Message History

Aim: Blork the orc, wielding a +0 scimitar and wearing a +0 robe (very poisoned, 63% to hit)
You throw a poisoned dart.
The poisoned dart closely misses Blork the orc.
Blork the orc points at you and mumbles some strange words.
The magic dart hits you. Blork the orc attacks as you move away!
Blork the orc closely misses you.
You shoot a bolt. The bolt closely misses Blork the orc.
Blork the orc hits you with a +0 scimitar!
You are too injured to fight recklessly!
You are too injured to fight recklessly!
Throw: 6 darts (poison)
Press: ? - help, Q - select action, (/) - cycle Shift-Dir - straight line, f/p - Blork the orc
Aim: Blork the orc, wielding a +0 scimitar and wearing a +0 robe (lightly wounded, very poisoned, 63% to hit)
Okay, then.
Shoot: a) +2 hand crossbow
Press: ? - help, Shift-Dir - straight line, f/p - Blork the orc
Aim: Blork the orc, wielding a +0 scimitar and wearing a +0 robe (lightly wounded, very poisoned, 66% to hit)
You shoot a bolt. The bolt hits Blork the orc.
Blork the orc is lightly wounded.
Blork the orc casts a spell.
Blork the orc seems to speed up.
Blork the orc screams, "Die!"
Blork the orc closely misses you.
Shoot: a) +2 hand crossbow
Press: ? - help, Shift-Dir - straight line, f/p - Blork the orc
Aim: Blork the orc, wielding a +0 scimitar and wearing a +0 robe (lightly wounded, fast, very poisoned, 66% to hit)
You shoot a bolt. The bolt closely misses Blork the orc.
Blork the orc closely misses you.
Blork the orc hits you with a +0 scimitar!
* * * LOW HITPOINT WARNING * * *
Blork the orc casts a cantrip, but nothing happens.
As you read the scroll of teleportation, it crumbles to dust.
You feel strangely unstable.
Blork the orc looks satisfied for a moment.
Blork the orc attacks as you move away!
Blork the orc hits you with a +0 scimitar.
* * * LOW HITPOINT WARNING * * *
Blork the orc casts a spell at you. The puff of flame hits you!
The fire burns you terribly!
You die...

#.# #...#.. ####.# ###.#..
#....# ##### .# #....# #...#
.# #....###...# o#
#......'...#### .#
##...####....... .#
.'...........####### g#
##...###.....#..@..# K.....
#...# #...(.#o###.# ......
##### #.#'#(#.###.# ......##
#)#.#...#.#.# #........
#.#.#####.#.# #.......#
#.#.....#.#.###.......#
####.#####.#.#.#.....#'#.####
#....#.....#.#.#.....#.#...gg
#.####.#...#.#.#.....#.#..###


You could see Blork the orc (fast, poisoned).

Vanquished Creatures
  A howler monkey (D:2)
  A jelly (D:3)
  A gnoll (D:4)
  2 adders
  2 dart slugs
  4 orcs
  6 endoplasms
  5 giant cockroaches
  3 goblins
  5 hobgoblins
  4 jackals (D:4)
  3 quokkas
  6 ball pythons
  6 bats
  2 frilled lizards
  3 kobolds
  3 rats
57 creatures vanquished.

Notes
Turn   | Place    | Note
-------+----------+-------------------------------------------
     0 | D:1      | feyria the Mummy Wanderer began the quest for the Orb.
     0 | D:1      | feyria set off with the following items: a +2 hand
                  | crossbow, 12 poisoned darts, a +0 dagger, a scroll of fear,
                  | a +0 leather armour; and the following spell memorised:
                  | Apportation; and the following spells available to
                  | memorise: Lesser Beckoning
     0 | D:1      | Reached XP level 1. HP: 15/15 MP: 4/4
    91 | D:1      | Found a faded altar of an unknown god.
   184 | D:1      | Reached skill level 2 in Fighting
   198 | D:1      | Reached XP level 2. HP: 22/22 MP: 5/5
   695 | D:2      | Reached skill level 3 in Fighting
   847 | D:2      | Gained mutation: You are in touch with the powers of death.
                  | [Mummy growth]
   847 | D:2      | Reached XP level 3. HP: 17/29 MP: 7/7
  1451 | D:2      | Reached skill level 1 in Axes
  1451 | D:2      | Reached XP level 4. HP: 37/37 MP: 8/8
  1631 | D:3      | Reached skill level 4 in Fighting
  2292 | D:4      | Reached XP level 5. HP: 32/42 MP: 9/9
  2967 | D:4      | Noticed Blork the orc
  3392 | D:4      | Killed from afar by Blork the orc

Illustrated notes

Levels and vault maps discovered:
D:1:      matt_arrival_spirals, layout_rooms, dilly_ecumenical_altar_fadedgnrine
D:2:      layout_basic
D:3:      minmay_wonky_spiral, layout_loops_cross, grunt_decor_junction,
          minivault_4
D:4:      layout_basic, uniq_blork_the_orc

Skill      XL: |  1  2  3  4  5 |
---------------+----------------+-----
Fighting       | 2 3 4 |  4.3
Axes           | 1 2 |  2.0
Crossbows      | |  1.5
Throwing       | |  1.5
Dodging        | |  1.0
Stealth        | |  1.0
Spellcasting   | |  2.6
Translocations | |  1.0

Action                   |  1- 3 |  4- 6 || total
-------------------------+-------+-------++-------
 Fire: Hand crossbow     |    81 |    90 ||   171
Throw: Dart              |       |    14 ||    14
  Use: Scroll            |     1 |     5 ||     6
Armor: Leather armour    |    16 |    15 ||    31
Dodge: Dodged            |    18 |    58 ||    76

Table legend: (Time is in decaauts)
 A = Elapsed time spent in this place.
 B = Non-inter-level travel time spent in this place.
 C = Inter-level travel time spent in this place.
 D = Time resting spent in this place.
 E = Time spent auto-exploring this place.
 F = Levels seen in this place.
 G = Mean time per level.
                   A        B        C        D        E       F      G
               +--------+--------+--------+--------+--------+-----+--------+
         Total |   3472 |   3281 |    191 |    778 |   1960 |   4 |  868.0 |
       Dungeon |   3472 |   3281 |    191 |    778 |   1960 |   4 |  868.0 |
               +--------+--------+--------+--------+--------+-----+--------+

Top non-repeatable levels by time:
     D:3: 1038 daAuts
     D:4: 1001 daAuts
     D:2: 878 daAuts
     D:1: 554 daAuts
